 Dungeon Crawl Stone Soup version 0.18.1-48-g4cf74bf (webtiles) character file.

548 Skwishie the Gouger (level 7, 33/33 HPs)
             Began as a Felid Monk on Sept 6, 2016.
             Quit the game on level 6 of the Dungeon.
             The game lasted 00:21:58 (7626 turns).

Skwishie the Gouger (Felid Monk)                    Turns: 7626, Time: 00:21:59

Health: 33/33      AC:  2    Str:  7    XL:     7   Next: 7%
Magic:  8/8        EV: 21    Int: 11    God:
Gold:   407        SH:  0    Dex: 25    Spells: 0 memorised, 6 levels left
                                        Lives:  0   Deaths: 2

rFire  . . .     SeeInvis +       - Unarmed
rCold  . . .     Gourm    .     (armour unavailable)
rNeg   . . .     Faith    .     (shield unavailable)
rPois  .         Spirit   .     (helmet unavailable)
rElec  .         Dismiss  .     (cloak unavailable)
rCorr  .         Reflect  .     (gloves unavailable)
SustAt .         Harm     .     (boots unavailable)
MR     +....                    (no amulet)
Stlth  ++++......               i - ring of stealth
                                c - +4 ring of dexterity

@: quick, somewhat resistant to hostile enchantments, stealthy
A: no armour, no weapons or thrown items, claws 1, fangs 3, see invisible,
carnivore 3, speed 1, shaggy fur 2, slow metabolism 1, sharp paws
a: no special abilities


You were on level 6 of the Dungeon.
You were not hungry.

You visited 1 branch of the dungeon, and saw 6 of its levels.

You collected 407 gold pieces.

Inventory:

Jewellery
 c - a +4 ring of dexterity (left paw)
 i - a ring of stealth (right paw)
Wands
 d - a wand of confusion (48/48)
 l - a wand of random effects (13/48)
 p - a wand of slowing (17/48)
 q - a wand of slowing (35/48)
Scrolls
 e - 2 scrolls of teleportation
 h - 4 scrolls of identify
 n - a scroll of recharging
 r - a scroll of amnesia
Potions
 b - a potion of haste
 g - a potion of cure mutation
 k - a potion of magic
 m - a potion of curing
Books
 o - a book of Changes

   Spells                             Type                      Level
   a - Beastly Appendage              Transmutation                1
   b - Sticks to Snakes               Transmutation                2
   c - Spider Form                    Transmutation/Poison         3
   d - Ice Form                       Ice/Transmutation            4
   e - Blade Hands                    Transmutation                5
Comestibles
 a - 4 meat rations
 f - 2 beef jerkies
 j - a slice of pizza


   Skills:
 + Level 5.3 Fighting
 - Level 4.0 Dodging
 - Level 2.6 Stealth
 - Level 11.0 Unarmed Combat


You had 6 spell levels left.
You didn't know any spells.

Dungeon Overview and Level Annotations

Branches:
Dungeon (6/15)
 Temple: D:4-7

Altars:
Dithmenos
Elyvilon
Fedhas
Gozag
Okawaru
Pakellas
The Shining One


Innate Abilities, Weirdness & Mutations

You cannot wear armour.
You are incapable of wielding weapons or throwing items.
You have sharp claws.
You have razor-sharp teeth.
You have supernaturally acute eyesight.
You are carnivorous and can eat meat at any time.
You cover ground quickly.
You are covered in thick fur (AC +2).
You have a slow metabolism.
Your sharp claws are effective at attacking unaware monsters.


Message History

The orc priest is moderately wounded.
The orc priest invokes the aid of Beogh against you.
Pain shoots through your body!
* * * LOW HITPOINT WARNING * * *
You claw the orc priest!
The orc priest is almost dead.
The orc priest miscasts a cantrip.
You completely miss the orc priest.
The orc priest is severely wounded.
The orc priest hits you with a hand axe.
* * * LOW HITPOINT WARNING * * *
You barely miss the orc priest.
The orc priest is severely wounded.
You closely miss the orc priest. You claw the orc priest.
The orc priest is severely wounded.
The orc priest hits you with a hand axe.
You die...
You are now level 7!
You rejoin the land of the living...
Are you sure you want to abandon this character and quit the game? (Confirm with "yes".)

####.###.#
#.#.###.#.###...#.#. .....#
#.# #.#.###.#.##......#.
####.###.#
#.......#.........## #.....#
###.##########.#### ######.###
#.# #.# #......# #.# #.#
#.###### #.# #+## #.# #.###
#...# #.######## #@..# #.....
#........# ##..# #......
#....###.#######...####......l
#
............>.......).'o......
+
#....###.#######...####.......
# #....# #.# ###..# #......
#.##.# #.# #(...# #.....
#.##.###.# #.#### #o..#
#......>.# #o# #+#####


There were no monsters in sight!

Vanquished Creatures
  Sigmund (D:6)
  Eustachio (D:6)
  A phantom (D:4)
  2 ogres
  3 centaurs (D:5)
  5 big kobolds (D:4)
  A giant frog (D:6)
  A scorpion (D:5)
  A howler monkey (D:4)
  A crimson imp (D:5)
  A jelly (D:5)
  2 hounds
  An orc priest (D:4)
  An iguana (D:5)
  Terence (D:2)
  An orc wizard (D:6)
  A worker ant (D:4)
  A worker ant zombie (D:3)
  3 gnolls (D:4)
  7 adders
  A shadow imp (D:6)
  An ooze (D:2)
  An adder skeleton (D:5)
  A worm (D:2)
  A dart slug (D:1)
  3 giant geckos
  10 orcs
  2 ball pythons (D:3)
  10 bats
  14 hobgoblins
  2 jackals (D:2)
  37 kobolds
  5 quokkas
  3 giant newts
  2 goblins
  A jackal zombie (D:6)
  5 rats
135 creatures vanquished.

Notes
Turn   | Place    | Note
--------------------------------------------------------------
     0 | D:1      | Skwishie the Felid Monk began the quest for the Orb.
     0 | D:1      | Reached XP level 1. HP: 10/10 MP: 2/2
   282 | D:1      | Reached XP level 2. HP: 14/14 MP: 3/3
   949 | D:2      | Noticed Terence
  1150 | D:2      | Killed Terence
  1150 | D:2      | Reached skill level 5 in Unarmed Combat
  1150 | D:2      | Reached XP level 3. HP: 14/17 MP: 4/4
  1505 | D:2      | Found a white marble altar of Elyvilon.
  1516 | D:2      | Reached XP level 4. HP: 15/21 MP: 5/5
  2545 | D:3      | Reached skill level 6 in Unarmed Combat
  2779 | D:3      | Found a shadowy altar of Dithmenos.
  2780 | D:3      | Found an oddly glowing altar of Pakellas.
  2787 | D:3      | Found a glowing golden altar of the Shining One.
  2787 | D:3      | Found a blossoming altar of Fedhas.
  2789 | D:3      | Found an iron altar of Okawaru.
  2799 | D:3      | Found an opulent altar of Gozag.
  3063 | D:4      | Reached XP level 5. HP: 22/24 MP: 6/6
  3095 | D:4      | Noticed an ogre
  3099 | D:4      | HP: 1/24 [ogre/giant club (23)]
  3567 | D:4      | Noticed a phantom
  4001 | D:4      | Reached skill level 7 in Unarmed Combat
  4121 | D:4      | Killed a phantom
  4121 | D:4      | Gained mutation: You are covered in thick fur (AC +2). [Felid growth]
  4121 | D:4      | Reached XP level 6. HP: 4/28 MP: 7/7
  4708 | D:4      | Reached skill level 8 in Unarmed Combat
  5067 | D:4      | Reached XP level 7. HP: 30/31 MP: 8/8
  5163 | D:4      | Reached skill level 9 in Unarmed Combat
  5509 | D:5      | Entered Level 5 of the Dungeon
  6212 | D:5      | Reached skill level 10 in Unarmed Combat
  6212 | D:5      | Reached XP level 8. HP: 34/34 MP: 9/9
  6914 | D:6      | Noticed Eustachio
  6915 | D:6      | Killed Eustachio
  6915 | D:6      | Reached skill level 11 in Unarmed Combat
  6974 | D:6      | Gained mutation: Your mind is acute. (Int +2) [potion of mutation]
  6974 | D:6      | Gained mutation: You tend to lose your temper in combat. [potion of mutation]
  6974 | D:6      | Gained mutation: Your spells are a little harder to cast, but a little more powerful. [potion of mutation]
  6975 | D:6      | Lost mutation: Your mind is acute. (Int +2) [potion of cure mutation]
  6975 | D:6      | Lost mutation: Your spells are a little harder to cast, but a little more powerful. [potion of cure mutation]
  6975 | D:6      | Lost mutation: You tend to lose your temper in combat. [potion of cure mutation]
  6987 | D:6      | Slain by an ogre
  6988 | D:6      | Reached XP level 7. HP: -3/31 MP: 8/8
  7109 | D:6      | Found an oddly glowing altar of Pakellas.
  7290 | D:6      | Noticed Sigmund
  7297 | D:6      | Killed Sigmund
  7349 | D:6      | Reached skill level 5 in Fighting
  7349 | D:6      | Reached XP level 8. HP: 37/37 MP: 9/9
  7622 | D:6      | Slain by an orc priest
  7623 | D:6      | Reached XP level 7. HP: -2/33 MP: 8/8
  7626 | D:6      | Quit the game

Skill      XL: |  1  2  3  4  5  6  7  8 |
---------------+-------------------------+-----
Unarmed Combat | 5 6 7 8 10 11 | 11.0
Fighting       | 5 |  5.3
Dodging        | |  4.0
Stealth        | |  2.6

Action                   |  1- 3 |  4- 6 |  7- 9 || total
-------------------------+-------+-------+-------++-------
Melee: Unarmed           |    85 |   207 |   111 ||   403
       Bite              |    12 |    18 |    18 ||    48
       Punch             |     2 |     9 |     5 ||    16
  Use: Scroll            |     4 |     9 |     4 ||    17
       Potion            |       |       |     2 ||     2
 Stab: Sleeping          |     3 |     7 |    10 ||    20
       Distracted        |       |     4 |     1 ||     5
  Eat: Chunk             |     8 |     7 |     8 ||    23
Armor: Skin              |     4 |    14 |     2 ||    20
Dodge: Dodged            |    60 |   182 |    51 ||   293
